 Dungeon Crawl Stone Soup version 0.31-a0-662-g684573625c (webtiles) character file.

Game seed: 16637668373733794226

5316 Joey1 the Severer (level 10, -3/91 HPs)
             Began as a Minotaur Fighter on Aug 31, 2023.
             Slain by a gnoll sergeant
             ... wielding a +0 halberd
              (13 damage)
             ... in a bailey.
             The game lasted 00:17:00 (8067 turns).

Joey1 the Severer (Minotaur Fighter)                Turns: 8067, Time: 00:17:00

Health: -3/91      AC: 10    Str: 30    XL:     10   Next: 37%
Magic:  9/9        EV: 10    Int:  5    God:
Gold:   431        SH:  5    Dex: 14    Spells: 9/9 levels left

rFire   . . .        a - +0 war axe
rCold   + . .        c - +0 buckler
rNeg    . . .        b - +0 scale mail
rPois   .            (helmet restricted)
rElec   .            x - +0 cloak
rCorr   .            m - +0 pair of gloves
SInv    .            G - +0 pair of boots
Will    .....        g - amulet of the acrobat
Stlth   +            C - ring of protection from cold
HPRegen 0.35/turn    F - ring of the Heron {Str+6 Dex+3 Stlth+}
MPRegen 0.11/turn

%: acrobat
@: mighty, weakened
A: horns 2, retaliatory headbutt
a: no special abilities


You were in a bailey.
You visited 2 branches of the dungeon, and saw 9 of its levels.
You also visited: Sewer and Bailey.

You collected 431 gold pieces.

Inventory:

Hand Weapons
 a - a +0 war axe (weapon)
Missiles
 q - 17 poisoned darts
 H - 2 throwing nets
Armour
 b - a +0 scale mail (worn)
 c - a +0 buckler (worn)
 m - a +0 pair of gloves (worn)
 x - a +0 cloak (worn)
 G - a +0 pair of boots (worn)
Jewellery
 g - an amulet of the acrobat (around neck)
 C - a ring of protection from cold (left hand)
 D - an amulet of magic regeneration
 E - a ring of ice
 F - the ring of the Heron (right hand) {Str+6 Dex+3 Stlth+}
   (You found it on level 8 of the Dungeon)

   [ring of strength]

   Str+6:     It affects your strength (+6).
   Dex+3:     It affects your dexterity (+3).
   Stlth+:    It makes you more stealthy.
Wands
 i - a wand of roots (17)
 r - a wand of charming (9)
 t - a wand of quicksilver (4)
 B - a wand of flame (41)
Scrolls
 f - a scroll of blinking
 l - 3 scrolls of teleportation
 n - a scroll of brand weapon {unknown}
 o - 2 scrolls of enchant weapon {unknown}
 v - a scroll of revelation {unknown}
 y - a scroll of noise {unknown}
 A - a scroll of silence {unknown}
Potions
 e - 4 potions of curing
 h - 4 potions of mutation
 j - a potion of heal wounds {unknown}
 k - 2 potions of invisibility
 p - 2 potions of lignification
 s - a potion of ambrosia {unknown}
 u - a potion of magic {unknown}
 w - 2 potions of brilliance {unknown}
 z - a potion of haste {unknown}


   Skills:
 + Level 9.2 Fighting
 - Level 16.0 Axes
 - Level 4.0 Armour
 + Level 4.5 Shields


You had 9 spell levels left.
You didn't know any spells.
Your spell library contained the following spells:

 Spells                   Type           Power      Damage    Failure   Level
 Kiss of Death            Conj/Necr      0%         2d5       77%         1
 Magic Dart               Conj           0%         1d3       77%         1
 Sandblast                Erth           0%         2d4       77%         1
 Call Imp                 Summ           0%         N/A       88%         2
 Passwall                 Tmut/Erth      0%         N/A       88%         2
 Poisonous Vapours        Pois/Air       0%         N/A       88%         2
 Dazzling Flash           Conj/Hex       0%         N/A       98%         3
 Inner Flame              Hex/Fire       0%         N/A       98%         3
 Mephitic Cloud           Conj/Pois/Air  0%         N/A       98%         3
 Portal Projectile        Hex/Tloc       0%         N/A       98%         3
 Stone Arrow              Conj/Erth      0%         3d7       98%         3
 Tukima's Dance           Hex            0%         N/A       98%         3
 Volatile Blastmotes      Fire/Tloc      0%         2d10      98%         3
 Animate Armour           Summ/Erth      0%         N/A       100%        4
 Flame Wave               Conj/Fire      0%         2d4       100%        4
 Iskenderun's Mystic Bla  Conj/Tloc      0%         2d3       100%        4
 Sticky Flame             Conj/Fire      0%         2d3       100%        4
 Freezing Cloud           Conj/Ice/Air   0%         6-21      100%        5
 Summon Forest            Summ/Tloc      0%         N/A       100%        5
 Summon Mana Viper        Hex/Summ       0%         N/A       100%        5
 Starburst                Conj/Fire      0%         6d3       100%        6
 Summon Cactus Giant      Summ           0%         N/A       100%        6
 Lehudib's Crystal Spear  Conj/Erth      0%         10d2      100%        8
 Maxwell's Capacitive Co  Air            0%         ∞         100%        8


Dungeon Overview and Level Annotations

Branches:
Dungeon (8/15)             Temple (1/1) D:5           Sewer (visited)
 Bailey (1/1)
   Lair: D:8-11

Altars:
Ashenzari
Cheibriados
Dithmenos
Elyvilon
Gozag
Hepliaklqana
Kikubaaqudgha
Makhleb
Nemelex Xobeh
Sif Muna
Trog
Uskayaw
Vehumet
Wu Jian
Xom
Zin
The Shining One

Shops:
D:8 [

Annotations:
D:7 3 runed translucent doors, Waters's ghost, novice OpAE


Innate Abilities, Weirdness & Mutations

You have a pair of horns on your head.
You reflexively headbutt those who attack you in melee.


Message History

You closely miss the wolf.
The wolf is moderately wounded.
The wolf bites you but does no damage.
The gnoll sergeant hits you from afar with a +0 glaive.
* * * LOW HITPOINT WARNING * * *
You slash the wolf! You headbutt the wolf.
You kill the wolf!
The gnoll sergeant closely misses you.
Training target 4.0 for Armour reached!
Your Armour skill increases to level 4!
The gnoll sergeant closely misses you. The gnoll misses you.
The gnoll completely misses you. You block the gnoll sergeant's attack.
The gnoll bouda gazes fiercely through you!
You feel your attacks grow feeble. The gnoll bouda misses you.
There is an open door, spattered with blood here.
Items here: ) [ ††.
You barely miss the gnoll sergeant.
You hit the gnoll sergeant but do no damage.
The gnoll sergeant closely misses you. The gnoll closely misses you.
The gnoll hits you but does no damage.
The gnoll sergeant hits you with a +0 glaive!
* * * LOW HITPOINT WARNING * * *
The gnoll bouda hits you but does no damage.
You hit the gnoll sergeant. You headbutt the gnoll sergeant!
The gnoll sergeant is heavily wounded.
You hit the gnoll sergeant but do no damage.
The gnoll sergeant misses you.
You slash the gnoll sergeant!
You kill the gnoll sergeant!
You hit the gnoll sergeant.
The gnoll is no longer moving quickly. x2
The gnoll throws a throwing net.
You block the throwing net. You block the gnoll's attack.
The gnoll bouda barks out a call to the hunt!
The gnolls pick up the pace!
You slash the gnoll sergeant!
Your headbutt misses the gnoll sergeant.
The gnoll sergeant is heavily wounded.
The gnoll sergeant hits you with a +0 halberd!
You die...

.######'''######.≈♣
#...# #.≈♣
#####+#...# ##≈♣
#.....#...# ≈♣
#8... ##'## ≈♣
#....##.))## ≈♣
#.gg##.))).## ≈♣
#gg)#.......#
###@#...8...#
#..†#.......#
#...##.....##
#....##...##
#8))..##)##
#.....#.).#
##.)..'...+
##...#...#
#####...#


You could see a gnoll sergeant (swift), a gnoll bouda and 2 gnolls.

Vanquished Creatures
  Joseph (D:7)
  Jeremiah (D:8)
  Maggie (D:5)
  Psyche (D:8)
  Sigmund (D:2)
  A wyvern (D:8)
  Menkaure (D:6)
  3 water moccasins
  Duvessa (D:6)
  An ice beast (D:7)
  2 sky beasts
  Pargi (Sewer)
  4 wolves (Bailey)
  2 ogres
  4 phantoms
  A kobold brigand (D:7)
  5 gnoll sergeants (Bailey)
  5 scorpions
  Dowan (D:6)
  2 howler monkeys
  7 hounds
  A jelly (D:4)
  3 gnoll boudas
  3 orc priests
  2 sleepcaps
  Jessica (D:2)
  5 iguanas
  Natasha (twice) (D:3)
  11 orc wizards
  Robin (D:2)
  14 gnolls
  A river rat (D:5)
  9 adders
  A shadow imp (D:6)
  5 white imps
  4 worms
  20 orcs
  13 ball pythons
  4 giant cockroaches
  11 goblins
  9 hobgoblins
  5 quokkas
  4 bats
  17 kobolds
  6 rats
198 creatures vanquished.

Notes
Turn   | Place    | Note
-------+----------+-------------------------------------------
     0 | D:1      | Joey1 the Minotaur Fighter began the quest for the Orb.
     0 | D:1      | Reached XP level 1. HP: 19/19 MP: 0/0
   193 | D:1      | Reached skill level 3 in Axes
   193 | D:1      | Reached XP level 2. HP: 27/27 MP: 1/1
   930 | D:2      | Found a broken altar of Ashenzari.
  1026 | D:2      | Noticed Sigmund
  1032 | D:2      | Killed Sigmund
  1033 | D:2      | Reached skill level 6 in Axes
  1033 | D:2      | Reached XP level 3. HP: 33/33 MP: 2/2
  1033 | D:2      | Reached XP level 4. HP: 40/40 MP: 3/3
  1033 | D:2      | Reached XP level 5. HP: 46/46 MP: 4/4
  1346 | D:2      | Noticed Jessica
  1359 | D:2      | Killed Jessica
  1378 | D:2      | Noticed Robin
  1384 | D:2      | Killed Robin
  1385 | D:2      | Reached skill level 7 in Axes
  1642 | D:2      | Reached XP level 6. HP: 52/52 MP: 5/5
  1987 | D:3      | Noticed Natasha
  1992 | D:3      | Killed Natasha
  2329 | D:3      | Noticed Natasha
  2334 | D:3      | Killed Natasha
  2416 | D:3      | Identified the +6 falchion "Cyqoen" {drain, *Rage Int+3
                  | Dex+7 Stlth+}
  2841 | D:3      | Reached skill level 8 in Axes
  3147 | D:4      | Reached skill level 9 in Axes
  3147 | D:4      | Reached XP level 7. HP: 41/59 MP: 6/6
  3415 | D:4      | Reached skill level 10 in Axes
  3536 | D:4      | Found a broken altar of Ashenzari.
  3540 | D:4      | Saw a vision of the Swamp and the Spider Nest.
  3540 | D:4      | Noticed a redback
  3540 | D:4      | Noticed a steelbarb worm
  3540 | D:4      | Noticed a wolf spider
  3540 | D:4      | Noticed a wolf spider
  3540 | D:4      | Noticed a jorogumo
  3540 | D:4      | Noticed a culicivora
  3540 | D:4      | Noticed a redback
  3540 | D:4      | Noticed a pharaoh ant
  3540 | D:4      | Noticed a pharaoh ant
  3540 | D:4      | Noticed an emperor scorpion
  3540 | D:4      | Noticed a wolf spider
  3540 | D:4      | Noticed a jumping spider
  3540 | D:4      | Noticed a redback
  3540 | D:4      | Noticed an eleionoma
  3540 | D:4      | Noticed a bunyip
  3540 | D:4      | Noticed a spriggan rider
  3540 | D:4      | Noticed an alligator
  3540 | D:4      | Noticed a spriggan rider
  3540 | D:4      | Noticed a bog body
  3540 | D:4      | Noticed a tyrant leech
  3540 | D:4      | Noticed a tarantella
  3540 | D:4      | Noticed a jumping spider
  3541 | D:4      | Noticed a jumping spider
  3541 | D:4      | Noticed a redback
  3542 | D:4      | Noticed a tarantella
  3790 | D:5      | Entered Level 5 of the Dungeon
  3862 | D:5      | Found a glowing drain.
  3896 | Sewer    | Entered a sewer
  4039 | Sewer    | Noticed Pargi
  4044 | Sewer    | Killed Pargi
  4045 | Sewer    | Reached skill level 11 in Axes
  4045 | Sewer    | Reached XP level 8. HP: 65/66 MP: 7/7
  4636 | D:5      | Reached skill level 12 in Axes
  4872 | D:5      | Found a staircase to the Ecumenical Temple.
  4896 | D:5      | Found a shadowy altar of Dithmenos.
  5111 | Temple   | Entered the Ecumenical Temple
  5140 | D:6      | Noticed Maggie
  5155 | D:5      | Killed Maggie
  5156 | D:5      | Reached skill level 13 in Axes
  5364 | D:6      | Noticed Menkaure
  5376 | D:6      | Killed Menkaure
  5377 | D:6      | Reached XP level 9. HP: 61/71 MP: 8/8
  5422 | D:6      | Reached skill level 14 in Axes
  5715 | D:6      | Found a white marble altar of Elyvilon.
  5716 | D:6      | Noticed Duvessa
  5716 | D:6      | Noticed Dowan
  5722 | D:6      | Killed Dowan
  5735 | D:6      | Killed Duvessa
  5736 | D:6      | Reached skill level 5 in Fighting
  5925 | D:6      | Found a bloodstained altar of Trog.
  6208 | D:6      | Found a burning altar of Makhleb.
  6298 | D:6      | Found a hazy altar of Hepliaklqana.
  6467 | D:7      | Found a radiant altar of Vehumet.
  6490 | D:7      | Got Vehumet's Elucidation of Wounds
  6505 | D:7      | Found an ancient bone altar of Kikubaaqudgha.
  6520 | D:7      | Found a shimmering blue altar of Sif Muna.
  6547 | D:7      | Found a runed translucent gate.
  6548 | D:7      | Found a runed translucent gate.
  6548 | D:7      | Found a runed translucent gate.
  6548 | D:7      | Noticed a spectral unseen horror
  6552 | D:7      | Noticed Waters's ghost (novice OpAE)
  6587 | D:7      | Noticed Joseph
  6979 | D:7      | Found an opulent altar of Gozag.
  7057 | D:7      | Killed Joseph
  7342 | D:7      | Found an ornate altar of the Wu Jian Council.
  7539 | D:8      | Noticed Jeremiah
  7554 | D:8      | Killed Jeremiah
  7555 | D:8      | Reached skill level 15 in Axes
  7555 | D:8      | Reached XP level 10. HP: 71/91 MP: 9/9
  7607 | D:8      | Noticed Psyche
  7609 | D:8      | Identified the ring of the Heron {Str+6 Dex+3 Stlth+}
  7616 | D:8      | Killed Psyche
  7689 | D:8      | Found Uvvo's Antique Armour Shop.
  7736 | D:8      | Found a flagged portal.
  7745 | Bailey   | Entered a bailey
  8044 | Bailey   | Reached skill level 16 in Axes
  8067 | Bailey   | Slain by a gnoll sergeant

Illustrated notes

Levels and vault maps discovered:
D:1:      dpeg_arrival_arbitrary_a, layout_basic
D:2:      layout_loops_ring, basic_altar, uniq_jessica, uniq_sigmund, uniq_robin
D:3:      kennysheep_big_flooded_room, layout_basic, uniq_natasha
D:4:      layout_rooms, grunt_ashenzari_visionary
          [grunt_ashenzari_visionary_swamp, grunt_ashenzari_visionary_spider]
D:5:      minmay_diamond_boxcup, layout_cave_pools,
          grunt_dithmenos_smoke_and_mirrors, minmay_temple_entry_wispy,
          portal_sewer_entry_c
D:6:      layout_loops_ring, lightli_temple_of_fire,
          mainiacjoe_overflow_surrounded_room, nicolae_elyvilon_peaceful_grove,
          kennysheep_little_box, feat_on_display, uniq_menkaure, uniq_maggie,
          uniq_duvessa
D:7:      layout_rooms, palyth_temple_overflow_mages,
          nicolae_gozag_seed_capital, nicolae_wu_jian_immortal_techniques,
          gammafunk_ghost_necromancy, uniq_joseph
D:8:      layout_loops_ring, fedhas_bush_and_centaur_altar, lemuel_tele_altar,
          serial_shops, nicolae_shop_pleasant_corner_grove, enter_bailey_8,
          nicolae_houndstooth_variations, uniq_jeremiah, uniq_erica,
          uniq_psyche, uniq_grum
Temple:   hellmonk_temple_rainy
Bailey:   bailey_polearm_gnolls_kennysheep, bailey

Skill      XL: |  1  2  3  4  5  6  7  8  9 10 |
---------------+-------------------------------+-----
Axes           | 3 6 7 9 11 13 15 16 | 16.0
Fighting       | 4 9 |  9.2
Shields        | 4 |  4.5
Armour         | 4 |  4.0

Action                     |  1- 3 |  4- 6 |  7- 9 | 10-12 || total
---------------------------+-------+-------+-------+-------++-------
  Melee: War axe           |    38 |   133 |   315 |    85 ||   571
         Headbutt          |     4 |    16 |    62 |    13 ||    95
    Use: Scroll            |       |       |     7 |       ||     7
         Potion            |       |       |       |     1 ||     1
 Armour: Scale mail        |    20 |   100 |   193 |    59 ||   372
  Dodge: Dodged            |    25 |    65 |    82 |    61 ||   233
  Block: Buckler           |    13 |    26 |    45 |    19 ||   103

Table legend: (Time is in decaauts)
 A = Elapsed time spent in this place.
 B = Non-inter-level travel time spent in this place.
 C = Inter-level travel time spent in this place.
 D = Time resting spent in this place.
 E = Time spent auto-exploring this place.
 F = Levels seen in this place.
 G = Mean time per level.
                   A        B        C        D        E       F      G
               +--------+--------+--------+--------+--------+-----+--------+
         Total |   8058 |   7574 |    484 |   1251 |   4840 |  11 |  732.5 |
       Dungeon |   7540 |   7056 |    484 |   1073 |   4645 |   8 |  942.5 |
        Temple |      4 |      4 |      0 |      0 |      0 |   1 |    4.0 |
         Sewer |    210 |    210 |      0 |      0 |    161 |   1 |  210.0 |
        Bailey |    303 |    303 |      0 |    178 |     34 |   1 |  303.0 |
               +--------+--------+--------+--------+--------+-----+--------+

Top non-repeatable levels by time:
     D:5: 1280 daAuts
     D:7: 1186 daAuts
     D:3: 1172 daAuts
     D:1: 1051 daAuts
     D:6: 1012 daAuts
     D:2: 917 daAuts
     D:4: 689 daAuts
  Bailey: 303 daAuts
     D:8: 228 daAuts
   Sewer: 210 daAuts
  Temple: 4 daAuts
